 Dungeon Crawl Stone Soup version 0.29-a0-472-ge5599a681e (webtiles) character file.

Game seed: 12846210552342159455

6229 quokkamancerX the Magician (level 10, -2/57 (74) HPs)
             Began as a Gnoll Venom Mage on May 23, 2022.
             Was a Believer of Ru.
             Slain by an unseen horror (7 damage)
             ... on level 10 of the Dungeon.
             The game lasted 01:00:30 (15276 turns).

quokkamancerX the Magician (Gnoll Venom Mage)      Turns: 15276, Time: 01:00:31

HP:   -2/57 (74)    AC:  7    Str:  7    XL:     10   Next: 92%
MP:   20/20         EV: 14    Int: 20    God:    Ru [**....]
Gold: 490           SH:  0    Dex: 12    Spells: 16/23 levels left

rFire   . . .      SeeInvis .   b - +2 dagger (drain)
rCold   . . .      Faith    .   (no shield)
rNeg    . . .      Spirit   .   l - +1 robe
rPois   .          Reflect  .   (no helmet)
rElec   .          Harm     .   (no cloak)
rCorr   .          Rampage  .   (no gloves)
Will    +....                   (no boots)
Stlth   +++.......              n - amulet of the acrobat
HPRegen 0.19/turn               o - ring of willpower
MPRegen 0.17/turn               v - +4 ring of protection

@: heavily drained
A: fangs 1, inability to train armour, unskilled 1, strong nose, distributed
training
a: Renounce Religion


You were on level 10 of the Dungeon.
You worshipped Ru.
Ru was pleased with you.
You visited 2 branches of the dungeon, and saw 11 of its levels.

You collected 490 gold pieces.

Inventory:

Hand Weapons
 b - a +2 dagger of draining (weapon)
Missiles
 f - 401 stones (quivered)
 E - 62 poisoned darts
 I - a curare-tipped dart
Armour
 l - a +1 robe (worn)
 Q - a +0 pair of gloves
Magical Staves
 a - a staff of poison
 i - a staff of conjuration
Jewellery
 n - an amulet of the acrobat (around neck)
 o - a ring of willpower (left hand)
 v - a +4 ring of protection (right hand)
 M - a ring of protection from fire
 O - the ring "Quaclups" {Fire rPois Dex+2}
   (You found it on level 8 of the Dungeon)

   [ring of fire]

   It enhances your fire magic.
   Dex:       It affects your dexterity (+2).
   rF:        It protects you from fire.
   rC:        It makes you vulnerable to cold.
   rPois:     It protects you from poison.
Wands
 r - a wand of charming (7)
 y - a wand of acid (19)
 H - a wand of paralysis (8)
 L - a wand of iceblast (9)
 P - a wand of flame (24)
Scrolls
 c - 3 scrolls of enchant armour
 d - 2 scrolls of poison
 h - 2 scrolls of noise {unknown}
 k - 6 scrolls of magic mapping {unknown}
 u - a scroll of brand weapon {unknown}
 w - 2 scrolls of enchant weapon
 A - 3 scrolls of teleportation {unknown}
 B - a scroll of vulnerability
 C - 2 scrolls of amnesia
 D - a scroll of summoning {unknown}
 F - a scroll of fog {unknown}
 J - 2 scrolls of immolation {unknown}
 N - a scroll of fear {unknown}
Potions
 e - a potion of magic
 g - 4 potions of flight
 j - 3 potions of curing
 m - 2 potions of mutation
 p - a potion of heal wounds {unknown}
 q - 2 potions of cancellation {unknown}
 s - 3 potions of attraction
 t - 5 potions of brilliance
 x - 3 potions of lignification {unknown}
 z - a potion of ambrosia {unknown}
 G - a potion of berserk rage {unknown}
 K - a potion of degeneration {unknown}


   Skills:
 + Level 5.2 Fighting
 + Level 5.2 Short Blades
 + Level 5.2 Long Blades
 + Level 5.2 Axes
 + Level 5.2 Maces & Flails
 + Level 5.2 Polearms
 + Level 5.2 Staves
 + Level 5.2 Slings
 + Level 5.2 Bows
 + Level 5.2 Crossbows
 + Level 5.2 Throwing
   Level 0.0 Armour
 + Level 6.7 Dodging
 + Level 6.5 Stealth
 + Level 5.2 Shields
 + Level 5.2 Unarmed Combat
 + Level 7.0 Spellcasting
 + Level 4.3 Conjurations
 + Level 4.3 Hexes
 + Level 4.3 Summonings
 + Level 4.3 Necromancy
 + Level 4.3 Translocations
 + Level 4.8 Transmutations
 + Level 4.3 Fire Magic
 + Level 4.3 Ice Magic
 + Level 4.3 Air Magic
 + Level 4.3 Earth Magic
 + Level 6.7 Poison Magic
 + Level 5.7 Invocations
 + Level 5.2 Evocations


You had 16 spell levels left.
You knew the following spells:

 Your Spells              Type           Power      Damage    Failure   Level
a - Sting                 Tmut/Pois      100%       1d8       1%          1
b - Poisonous Vapours     Pois/Air       58%        N/A       1%          2
c - Olgreb's Toxic Radia  Pois           33%        N/A       6%          4

Your spell library contained the following spells:

 Spells                   Type           Power      Damage    Failure   Level
 Wereblood                Tmut           26%        N/A       1%          2
 Sublimation of Blood     Necr           24%        N/A       2%          2
 Mephitic Cloud           Conj/Pois/Air  27%        N/A       3%          3
 Petrify                  Tmut/Erth      25%        N/A       14%         4
 Irradiate                Conj/Tmut      12%        3d17      38%         5
 Summon Hydra             Summ           12%        N/A       100%        7


Dungeon Overview and Level Annotations

Branches:
Dungeon (10/15)            Temple (1/1) D:4            Lair (0/6) D:9
    Orc (0/2) D:9

Altars:
Ashenzari
Cheibriados
Dithmenos
Fedhas
Gozag
Kikubaaqudgha
Makhleb
Nemelex Xobeh
Okawaru
Qazlal
Ru
Sif Muna
Trog
Vehumet
Wu Jian
Yredelemnul
Zin
The Shining One

Shops:
D:8 (


Innate Abilities, Weirdness & Mutations

You have very sharp teeth.
You cannot train Armour skill.
You are somewhat unskilled. (-1 Apt)
Your uncanny sense of smell can sniff out nearby items.
Your experience applies equally to all skills.


Message History

You feel drained.
You hit the wight but do no damage.
The wight is almost destroyed.
You hit the wight but do no damage.
The wight is almost destroyed.
The wight is no longer blind.
The wight attacks as you move away! The wight completely misses you.
Okay, then.
The wight attacks as you move away!
The wight hits you with a +2 vorpal battleaxe.
* * * LOW HITPOINT WARNING * * *
x2
There is an open door here.
The wight attacks as you move away! The wight completely misses you.
There is an open door, spattered with blood here.
The wight attacks as you move away! The wight completely misses you.
Items here: )) [[.
Things that are here:
a +2 scimitar of freezing; a +0 robe The wight attacks as you move away!
The wight closely misses you.
There is a stone staircase leading down here.
The wight hits you with a +2 vorpal battleaxe.
* * * LOW HITPOINT WARNING * * *
x2 You focus your inner power and blind the wight in retribution!
You climb downwards.
Found a stone staircase leading down.
There is a stone staircase leading up here.
You hit the wight.
You destroy the wight!
You start resting.
Something barely misses you.
You start resting.
Something hits you.
* * * LOW HITPOINT WARNING * * *
Deactivating autopickup; reactivate with Ctrl-A.
You start resting.
Something hits you!
* * * LOW HITPOINT WARNING * * *
Something closely misses you. Something misses you.
You barely miss something. You punch something. Something hits you!
You die...

#....#
#....## ..
#.....#####.#
#...........#
#..........#
#..........#
#..<.......#
#.)........#
#....@.....#
#.....{....#
#..........#
#..........#
#........>.#
#..........#
#..........#
############


There were no monsters in sight!

Vanquished Creatures
  A two-headed ogre (D:9)
  Pikel (D:6)
  2 hornets
  A wyvern (D:9)
  2 steam dragons
  3 wargs (D:9)
  An acid dragon (D:8)
  2 water moccasins (D:5)
  3 orc warriors (D:9)
  A sky beast (D:6)
  2 black bears
  A centaur (D:8)
  2 ogres (D:6)
  2 phantoms
  2 bullfrogs
  4 kobold brigands
  A scorpion (D:5)
  10 wights
  15 killer bees
  A howler monkey (D:6)
  7 hounds
  7 jellies
  5 orc priests
  An iguana (D:5)
  6 orc wizards
  5 adders
  12 gnolls
  6 white imps
  An ufetubus (D:5)
  2 worms
  4 dart slugs
  25 orcs
  8 ball pythons
  13 endoplasms
  7 goblins
  6 hobgoblins
  6 jackals
  4 quokkas
  5 bats
  3 frilled lizards
  32 kobolds
  6 rats
  A spectral orc (D:5)
229 creatures vanquished.

Vanquished Creatures (others)
  A bullfrog (D:7)
  A butterfly (D:9)
  8 fungi (D:3)
  15 plants
  6 toadstools (D:3)
31 creatures vanquished.

Grand Total: 260 creatures vanquished

Notes
Turn   | Place    | Note
-------+----------+-------------------------------------------
     0 | D:1      | quokkamancerX the Gnoll Venom Mage began the quest for the
                  | Orb.
     0 | D:1      | Reached XP level 1. HP: 13/13 MP: 6/6
   308 | D:1      | Reached XP level 2. HP: 16/19 MP: 4/7
  1223 | D:2      | Learned a level 2 spell: Poisonous Vapours
  1244 | D:2      | Reached XP level 3. HP: 25/25 MP: 6/9
  1305 | D:2      | Reached skill level 5 in Spellcasting
  1649 | D:2      | Reached skill level 1 in Invocations
  1691 | D:2      | Reached skill level 1 in Fighting
  1691 | D:2      | Reached skill level 1 in Short Blades
  1691 | D:2      | Reached skill level 1 in Long Blades
  1691 | D:2      | Reached skill level 1 in Axes
  1691 | D:2      | Reached skill level 1 in Maces & Flails
  1691 | D:2      | Reached skill level 1 in Polearms
  1691 | D:2      | Reached skill level 1 in Staves
  1691 | D:2      | Reached skill level 1 in Slings
  1691 | D:2      | Reached skill level 1 in Bows
  1691 | D:2      | Reached skill level 1 in Crossbows
  1691 | D:2      | Reached skill level 1 in Throwing
  1691 | D:2      | Reached skill level 1 in Armour
  1691 | D:2      | Reached skill level 1 in Shields
  1691 | D:2      | Reached skill level 1 in Unarmed Combat
  1691 | D:2      | Reached skill level 1 in Evocations
  1702 | D:2      | Reached XP level 4. HP: 12/32 MP: 4/11
  2558 | D:2      | Reached skill level 1 in Conjurations
  2558 | D:2      | Reached skill level 1 in Hexes
  2558 | D:2      | Reached skill level 1 in Summonings
  2558 | D:2      | Reached skill level 1 in Necromancy
  2558 | D:2      | Reached skill level 1 in Translocations
  2558 | D:2      | Reached skill level 1 in Fire Magic
  2558 | D:2      | Reached skill level 1 in Ice Magic
  2558 | D:2      | Reached skill level 1 in Air Magic
  2558 | D:2      | Reached skill level 1 in Earth Magic
  2971 | D:3      | Reached XP level 5. HP: 37/37 MP: 9/12
  3884 | D:3      | Found a bloodstained altar of Trog.
  4277 | D:4      | Found a blossoming altar of Fedhas.
  4311 | D:4      | Reached XP level 6. HP: 44/44 MP: 7/13
  4554 | D:4      | Found a staircase to the Ecumenical Temple.
  4564 | Temple   | Entered the Ecumenical Temple
  4795 | Temple   | Became a worshipper of Ru the Awakened
  5064 | D:4      | Reached skill level 5 in Dodging
  5583 | D:4      | Reached XP level 7. HP: 42/50 MP: 15/15
  5931 | D:4      | Found a glowing silver altar of Zin.
  6013 | D:5      | Entered Level 5 of the Dungeon
  6285 | D:5      | Reached skill level 5 in Stealth
  6659 | D:5      | Found a basalt altar of Yredelemnul.
  6901 | D:4      | Gained mutation: You cannot train Armour skill. [Ru
                  | sacrifice]
  6901 | D:4      | Reached * piety under Ru
  6938 | D:5      | Reached XP level 8. HP: 49/57 MP: 12/16
  6966 | D:5      | Reached skill level 6 in Spellcasting
  7307 | D:5      | Found a stormy altar of Qazlal.
  7352 | D:5      | Found a shadowy altar of Dithmenos.
  9217 | D:6      | Reached XP level 9. HP: 59/65 MP: 3/18
  9562 | D:6      | Noticed Pikel
  9583 | D:6      | Killed Pikel
 10127 | D:6      | Found a shimmering blue altar of Sif Muna.
 11095 | D:7      | Gained mutation: You are somewhat unskilled. (-1 Apt) [Ru
                  | sacrifice]
 11095 | D:7      | Reduced skill Dodging to level 5
 11095 | D:7      | Reduced skill Stealth to level 5
 11095 | D:7      | Reached ** piety under Ru
 12126 | D:8      | Reached XP level 10. HP: 65/73 MP: 11/19
 12440 | D:8      | Learned a level 4 spell: Olgreb's Toxic Radiance
 12462 | D:8      | Found Luryrel's Weapon Shoppe.
 12611 | D:8      | Reached skill level 5 in Invocations
 12656 | D:8      | Identified the ring "Quaclups" {Fire rPois Dex+2}
 13112 | D:9      | Noticed a two-headed ogre
 13116 | D:9      | Killed a two-headed ogre
 13717 | D:9      | Reached skill level 5 in Fighting
 13717 | D:9      | Reached skill level 5 in Short Blades
 13717 | D:9      | Reached skill level 5 in Long Blades
 13717 | D:9      | Reached skill level 5 in Axes
 13717 | D:9      | Reached skill level 5 in Maces & Flails
 13717 | D:9      | Reached skill level 5 in Polearms
 13717 | D:9      | Reached skill level 5 in Staves
 13717 | D:9      | Reached skill level 5 in Slings
 13717 | D:9      | Reached skill level 5 in Bows
 13717 | D:9      | Reached skill level 5 in Crossbows
 13717 | D:9      | Reached skill level 5 in Throwing
 13717 | D:9      | Reached skill level 5 in Shields
 13717 | D:9      | Reached skill level 5 in Unarmed Combat
 13717 | D:9      | Reached skill level 5 in Evocations
 14074 | D:9      | Found a staircase to the Lair.
 14248 | D:9      | Found a staircase to the Orcish Mines.
 14609 | D:9      | Reached skill level 7 in Spellcasting
 15267 | D:10     | Entered Level 10 of the Dungeon
 15276 | D:10     | Slain by an unseen horror

Illustrated notes

Levels and vault maps discovered:
D:1:      noname_arrival_rooms_in_the_neighbourhood, layout_loops_cross
D:2:      layout_loops_ring, serial_forest, infiniplex_forest_lined_room_2,
          infiniplex_forest_zigzag_1, infiniplex_forest_clump_double,
          infiniplex_forest_clump_double, infiniplex_forest_clump_large,
          st_stairs_4
D:3:      cheibrodos_fertilizer, layout_loops_cross,
          mainiacjoe_overflow_alcove_2, portal_sewer_entry_a
D:4:      layout_loops_cross, mainiacjoe_overflow_cross_hatched,
          kennysheep_mini, minmay_temple_entry_statues_fountains
D:5:      layout_layer_cave, yredelemnul_forgotten_temple_becter,
          nicolae_overflow_squiral, minivault_25, chequers_garden,
          chequers_big_river
D:6:      layout_layer_cave, mainiacjoe_overflow_six_doors_small,
          serial_park_tiny_pond, uniq_pikel
D:7:      layout_basic
D:8:      layout_rooms, serial_shops, shop_fountains
D:9:      layout_loops_corners, nicolae_elyvilon_peaceful_grove,
          grunt_temple_overflow_diamond, erik_lair_orcish_takeover, erik_orc_3,
          serial_shops, nicolae_shop_waterfront
D:10:     gammafunk_cloud_chamber, layout_gridville,
          hangedman_abyss_or_decor_passed, uniq_joseph, uniq_snorg,
          uniq_gastronok
Temple:   minmay_temple_curvy_loop

Skill      XL: |  1  2  3  4  5  6  7  8  9 10 |
---------------+-------------------------------+-----
Transmutations | 2 3 4 |  4.8
Spellcasting   | 5 6 7 |  7.0
Invocations    | 1 2 3 4 5 |  5.7
Fighting       | 1 2 3 4 5 |  5.2
Short Blades   | 1 2 3 4 5 |  5.2
Long Blades    | 1 2 3 4 5 |  5.2
Axes           | 1 2 3 4 5 |  5.2
Maces & Flails | 1 2 3 4 5 |  5.2
Polearms       | 1 2 3 4 5 |  5.2
Staves         | 1 2 3 4 5 |  5.2
Slings         | 1 2 3 4 5 |  5.2
Bows           | 1 2 3 4 5 |  5.2
Crossbows      | 1 2 3 4 5 |  5.2
Throwing       | 1 2 3 4 5 |  5.2
Armour         | 1 2 0 |  0.0
Shields        | 1 2 3 4 5 |  5.2
Unarmed Combat | 1 2 3 4 5 |  5.2
Evocations     | 1 2 3 4 5 |  5.2
Conjurations   | 1 2 3 4 |  4.3
Hexes          | 1 2 3 4 |  4.3
Summonings     | 1 2 3 4 |  4.3
Necromancy     | 1 2 3 4 |  4.3
Translocations | 1 2 3 4 |  4.3
Fire Magic     | 1 2 3 4 |  4.3
Ice Magic      | 1 2 3 4 |  4.3
Air Magic      | 1 2 3 4 |  4.3
Earth Magic    | 1 2 3 4 |  4.3
Dodging        | 5 6 6 |  6.7
Stealth        | 5 5 6 |  6.5
Poison Magic   | 6 |  6.7

Action                   |  1- 3 |  4- 6 |  7- 9 | 10-12 || total
-------------------------+-------+-------+-------+-------++-------
Melee: Dagger            |     5 |    44 |   167 |   162 ||   378
       Staff             |       |     4 |    12 |     4 ||    20
       Rapier            |       |    63 |       |       ||    63
       Punch             |       |     2 |     4 |     6 ||    12
       Bite              |       |     9 |    18 |    20 ||    47
Throw: Throwing net      |       |       |     1 |       ||     1
 Cast: Sting             |    51 |    49 |   120 |    28 ||   248
       Poisonous Vapours |     6 |    37 |    84 |    34 ||   161
       Olgreb's Toxic Ra |       |       |       |     4 ||     4
Invok: Sacrifice Durabil |       |       |     1 |       ||     1
       Sacrifice Skill   |       |       |     1 |       ||     1
Evoke: Wand              |       |       |     3 |       ||     3
  Use: Scroll            |       |     6 |     4 |       ||    10
       Potion            |       |       |     1 |       ||     1
 Stab: Sleeping          |     1 |     3 |     1 |     3 ||     8
       Held in net/web   |       |       |     1 |       ||     1
       Paralysed         |       |       |     1 |       ||     1
       Invisible         |       |       |       |     2 ||     2
       Distracted        |       |       |       |     1 ||     1
Armor: Robe              |     6 |    45 |    58 |    19 ||   128
Dodge: Dodged            |    23 |    84 |   206 |   138 ||   451

Table legend: (Time is in decaauts)
 A = Elapsed time spent in this place.
 B = Non-inter-level travel time spent in this place.
 C = Inter-level travel time spent in this place.
 D = Time resting spent in this place.
 E = Time spent auto-exploring this place.
 F = Levels seen in this place.
 G = Mean time per level.
                   A        B        C        D        E       F      G
               +--------+--------+--------+--------+--------+-----+--------+
         Total |  15193 |  14661 |    532 |   5531 |   3496 |  11 | 1381.2 |
       Dungeon |  14920 |  14425 |    495 |   5531 |   3312 |  10 | 1492.0 |
        Temple |    272 |    235 |     37 |      0 |    184 |   1 |  272.0 |
               +--------+--------+--------+--------+--------+-----+--------+

Top non-repeatable levels by time:
     D:5: 2768 daAuts
     D:6: 2033 daAuts
     D:9: 1939 daAuts
     D:4: 1524 daAuts
     D:3: 1478 daAuts
     D:1: 1414 daAuts
     D:7: 1379 daAuts
     D:2: 1377 daAuts
     D:8: 994 daAuts
  Temple: 272 daAuts
    D:10: 8 daAuts
